 Dungeon Sprint DCSS version 0.30-a0-881-g1ff12e1e11 (webtiles) character file.

Game seed: 460176989212809586

109 testman the Cudgeller (level 4, -2/78 HPs)
             Began as a Troll Berserker on Mar 14, 2023.
             Was a Follower of Trog.
             Slain by Sigmund
             ... wielding a +4 scythe
              (6 damage)
             ... in the Dungeon (Sprint I: "Red Sonja").
             The game lasted 00:01:24 (117 turns).

testman the Cudgeller (Troll Berserker)              Turns: 117, Time: 00:01:24

Health: -2/78      AC:  4    Str: 27    XL:     4   Next: 60%
Magic:  3/3        EV: 10    Int:  3    God:    Trog [*.....]
Gold:   54         SH:  0    Dex:  9    Spells: 3/3 levels left

rFire   . . .      SeeInvis .    k - +0 giant spiked club
rCold   . . .      Faith    .    (shield currently unavailable)
rNeg    . . .      Spirit   .    b - +0 animal skin
rPois   .          Reflect  .    (helmet restricted)
rElec   .          Rampage  .    (no cloak)
rCorr   .          NoTele   +    (gloves unavailable)
Will    .....                    (boots unavailable) Stlth
                                 (no amulet)
HPRegen 1.13/turn                (no ring)
MPRegen 0.08/turn                (no ring)

@: berserking (expiring), very quick
A: large, unfitting armour, claws 3, regeneration 1, shaggy fur 1, tough skin 1
a: Renounce Religion, Berserk


You were in the Dungeon.
You worshipped Trog.
Trog was aware of your devotion.
You visited 1 branch You collected 54 gold pieces.

Inventory:

Hand Weapons
 a - a +0 mace
 j - a +5 spectral club
 k - a +0 giant spiked club (weapon)
Armour
 b - a +0 animal skin (worn)
Wands
 i - a wand of polymorph (8)
Scrolls
 h - a scroll of blinking
Potions
 c - a potion of curing
 d - a potion of heal wounds
 e - a potion of haste
 f - 3 potions of magic


   Skills:
 + Level 5.9 Fighting
 + Level 6.5 Maces & Flails
 - Level 2.4 Dodging


You had 3 spell levels left.
You didn't know any spells.
Your spell library was empty.

Dungeon Overview and Level Annotations

Branches:
Dungeon (1/1)

Altars:

Annotations:
D Sigmund


Innate Abilities, Weirdness & Mutations

You are too large for most types of armour.
You have claws for hands.
Your natural rate of healing is unusually fast.
You are covered in fur. (AC +1)
You have tough skin. (AC +1)


Message History

The puff of flame hits you.
You closely miss something.
You hear some strange, mumbled words.
Something tries to affect you, but you resist.
You bump into the rock wall.
You hear a zap.
A puff of flame appears from out of thin air!
The puff of flame hits you.
You miss something.
You hear a zap.
A puff of flame appears from out of thin air!
The puff of flame misses you.
You bump into the rock wall.
You hear some strange, mumbled words.
A magic dart appears from out of thin air!
The magic dart hits you.
You miss something.
You feel less confused. Something hits you.
You miss something. You barely miss something. Something hits you!
You miss something.
You hear some strange, mumbled words.
A puff of flame appears from out of thin air!
The puff of flame hits you!
* * * LOW HITPOINT WARNING * * *
You closely miss something.
You hear a zap.
A puff of flame appears from out of thin air!
The puff of flame misses you.
You miss something. Something hits you!
* * * LOW HITPOINT WARNING * * *
You closely miss something. You closely miss something.
You hear some strange, mumbled words.
A puff of flame appears from out of thin air!
The puff of flame hits you!
* * * LOW HITPOINT WARNING * * *
You miss something. Something hits you.
You die...

#############
#<.#..†..#.{+
#..'.§#..'@.#
#.[#####'####
#..# #..#
#..# ####
#..# #⌠⌠#
####


There were no monsters in sight!

Vanquished Creatures
  An ogre (D)
  Ijyb (D)
2 creatures vanquished.

Notes
Turn   | Place    | Note
-------+----------+-------------------------------------------
     0 | D        | testman the Troll Berserker began the quest for the Orb.
     0 | D        | Reached XP level 1. HP: 22/22 MP: 0/0
     1 | D        | Noticed Ijyb
     7 | D        | Killed Ijyb
     8 | D        | Reached skill level 4 in Maces & Flails
     8 | D        | Reached XP level 2. HP: 32/32 MP: 1/1
    63 | D        | Noticed an ogre
    66 | D        | Killed an ogre
    67 | D        | Reached skill level 5 in Fighting
    67 | D        | Reached skill level 6 in Maces & Flails
    67 | D        | Reached XP level 3. HP: 44/44 MP: 2/2
    67 | D        | Reached XP level 4. HP: 52/52 MP: 3/3
    95 | D        | Noticed Sigmund
   116 | D        | HP: 3/78 [something/puff of flame (8)]
   117 | D        | Slain by Sigmund

Illustrated notes

Levels and vault maps discovered:
D:        dungeon_sprint_1 [red_sonja_temple_1, red_sonja_temple_small_1]

Skill      XL: |  1  2 |
---------------+-------+-----
Fighting       | 4 5 |  5.9
Maces & Flails | 4 6 |  6.5
Dodging        | |  2.4

Action                     |  1- 3 |  4- 6 || total
---------------------------+-------+-------++-------
  Melee: Unarmed           |     3 |       ||     3
         Club              |     2 |       ||     2
         Giant spiked club |       |    16 ||    16
 Invoke: Berserk           |     2 |       ||     2
    Use: Potion            |       |     1 ||     1
 Armour: Animal skin       |       |     1 ||     1
  Dodge: Dodged            |     1 |     3 ||     4

Table legend: (Time is in decaauts)
 A = Elapsed time spent in this place.
 B = Non-inter-level travel time spent in this place.
 C = Inter-level travel time spent in this place.
 D = Time resting spent in this place.
 E = Time spent auto-exploring this place.
 F = Levels seen in this place.
 G = Mean time per level.
                   A        B        C        D        E       F      G
               +--------+--------+--------+--------+--------+-----+--------+
         Total |    136 |    136 |      0 |     85 |      0 |   1 |  136.0 |
       Dungeon |    136 |    136 |      0 |     85 |      0 |   1 |  136.0 |
               +--------+--------+--------+--------+--------+-----+--------+

Top non-repeatable levels by time:
       D: 136 daAuts
